 Dungeon Crawl Stone Soup version 0.28-a0-406-g4bac719ec2 (webtiles) character file.

Game seed: 10808214853967315831

1338 Ahmedlingzor the Ruffian (level 8, -28/76 (78) HPs)
             Began as a Troll Berserker on Sept 5, 2021.
             Was an Elder of Trog.
             Engulfed by a cloud of flame (39 damage)
             ... on level 6 of the Dungeon.
             The game lasted 00:17:18 (5058 turns).

Ahmedlingzor the Ruffian (Troll Berserker)          Turns: 5058, Time: 00:17:18

HP:   -28/76 (78)   AC:  4    Str: 31    XL:     8   Next: 35%
MP:   7/7           EV: 10    Int:  3    God:    Trog [****..]
Gold: 309           SH:  0    Dex:  9    Spells: 7/7 levels left

rFire   . . .      SeeInvis +   w - +7 hand axe "Vastili" {vorpal, Fragile +Blink rC+ Str+3}
rCold   + . .      Faith    .   (no shield)
rNeg    . . .      Spirit   .   a - +0 animal skin
rPois   .          Reflect  .   (helmet restricted)
rElec   .          Harm     .   (no cloak)
rCorr   .          Rampage  .   (gloves unavailable)
Will    .....                   (boots unavailable)
Stlth   +.........              (no amulet)
HPRegen 1.22/turn               i - ring of see invisible
MPRegen 0.10/turn               (no ring)

@: lightly drained
A: large, unfitting armour, claws 3, regeneration 1, shaggy fur 1, tough skin 1
a: Renounce Religion, Evoke Blink, Berserk, Trog's Hand, Brothers in Arms


You were on level 6 of the Dungeon.
You worshipped Trog.
Trog was greatly pleased with you.
You visited 2 branches of the dungeon, and saw 7 of its levels.

You collected 309 gold pieces.

Inventory:

Hand Weapons
 k - a +0 dagger
 n - a +0 flail
 w - the +7 hand axe "Vastili" (weapon) {vorpal, Fragile +Blink rC+ Str+3}
   (You found it on level 6 of the Dungeon)

   It inflicts extra damage upon your enemies.
   Str:       It affects your strength (+3).
   rC:        It protects you from cold.
   +Blink:    It lets you blink.
   Fragile:   It will be destroyed if unequipped.
Missiles
 j - 7 boomerangs (quivered)
Armour
 a - a +0 animal skin (worn)
Magical Staves
 l - a staff of air
Jewellery
 i - a ring of see invisible (left claw)
Wands
 q - a wand of acid (7)
Scrolls
 b - a scroll of immolation
 c - a scroll of noise {unknown}
 e - 5 scrolls of identify
 f - a scroll of fog {unknown}
 o - a scroll of holy word {unknown}
 p - 2 scrolls of magic mapping {unknown}
 s - a scroll of enchant armour {unknown}
 u - a scroll of torment {unknown}
 v - a scroll of enchant weapon {unknown}
Potions
 d - a potion of cancellation {unknown}
 g - 2 potions of ambrosia {unknown}
 h - a potion of berserk rage {unknown}
 m - 2 potions of attraction {unknown}
 r - a potion of haste {unknown}
 t - a potion of lignification {unknown}


   Skills:
 + Level 3.9 Fighting
 + Level 3.5 Throwing
 + Level 4.6 Dodging
 + Level 0.8 Stealth
 + Level 7.4 Unarmed Combat


You had 7 spell levels left.
You didn't know any spells.
Your spell library was empty.

Dungeon Overview and Level Annotations

Branches:
Dungeon (6/15)             Temple (1/1) D:5

Altars:
Ashenzari
Dithmenos
Gozag
Hepliaklqana
Kikubaaqudgha
Makhleb
Nemelex Xobeh
Okawaru
Qazlal
Ru
Trog
Uskayaw


Innate Abilities, Weirdness & Mutations

You are too large for most types of armour.
You have claws for hands.
Your natural rate of healing is unusually fast.
You are covered in fur. (AC +1)
You have tough skin. (AC +1)


Message History

The hound bites you.
You barely miss the hound. The hound bites you. x2
You closely miss the hound. The hound bites you but does no damage.
The hound closely misses you.
You slash the hound!
The hound is heavily wounded.
The hound bites you but does no damage. The hound barely misses you.
You miss the hound. You claw the hound.
The hound is almost dead.
The hound bites you. x2
You barely miss the hound.
The hound is almost dead.
The hound closely misses you.
The gnoll sergeant hits you but does no damage.
The hound barely misses you.
The gnoll sergeant hits you from afar with a +0 vorpal spear.
As you read the scroll of immolation, it crumbles to dust.
The creatures around you are filled with an inner flame!
The hound bites you. The gnoll sergeant barely misses you.
You slash the hound! Trog accepts your kill.
The hound explodes!
The fiery explosion engulfs the gnoll sergeant!!!
Trog accepts your kill.
The fiery explosion engulfs the gnoll!!
Trog accepts your kill.
The fiery explosion engulfs the necrophage!!
Trog accepts your kill. The fiery explosion engulfs you!!
* * * LOW HITPOINT WARNING * * *
The necrophage explodes!
The fiery explosion engulfs the gnoll!!
Trog accepts your kill.
The gnoll explodes! x2
The fiery explosion engulfs the gnoll!!
Trog accepts your kill.
The gnoll explodes!
The gnoll sergeant explodes!
You are engulfed in blazing flames.
Ouch! That really hurt!
You die...

############ ###
...........# #..
...........# #..
.......$.§§# #..
........§§§# #..
......)§§§§# #..
.......§§§§########### #..
......#'###@...#.....#######
......+.. #....'......)....'
......#...#....#......#.).[#
..... ###.#....#########)###
..### +##...............# ..
#...............#
...'...............'
####...............#
###'########.....


There were no monsters in sight!

Vanquished Creatures
  An ice beast (D:6)
  3 necrophages
  A phantom (D:5)
  A gnoll sergeant (D:6)
  2 scorpions (D:5)
  A water moccasin skeleton (D:2)
  2 centaur zombies (D:5)
  5 hounds
  2 jellies (D:5)
  An orc priest (D:4)
  A bullfrog skeleton (D:5)
  2 iguanas
  8 orc wizards
  A hound skeleton (D:5)
  A hound zombie (D:5)
  A howler monkey zombie (D:6)
  7 gnolls
  11 adders
  A shadow imp (D:6)
  3 ufetubi
  An adder zombie (D:1)
  2 worms
  A dart slug (D:1)
  16 orcs
  8 bats
  A bat zombie (D:1)
  8 endoplasms
  3 giant cockroaches (D:2)
  8 goblins
  5 hobgoblins
  3 kobolds
  3 quokkas (D:1)
  4 ball pythons
  4 rats
122 creatures vanquished.

Notes
Turn   | Place    | Note
-------+----------+-------------------------------------------
     0 | D:1      | Ahmedlingzor the Troll Berserker began the quest for the
                  | Orb.
     0 | D:1      | Reached XP level 1. HP: 22/22 MP: 0/0
   108 | D:1      | Reached XP level 2. HP: 29/29 MP: 1/1
   537 | D:1      | Reached XP level 3. HP: 36/36 MP: 2/2
  1200 | D:2      | Reached ** piety under Trog
  1212 | D:2      | Reached skill level 4 in Unarmed Combat
  1212 | D:2      | Reached XP level 4. HP: 36/45 MP: 3/3
  1662 | D:2      | Found a stormy altar of Qazlal.
  2103 | D:3      | Reached XP level 5. HP: 53/53 MP: 4/4
  2426 | D:3      | Found a faded altar of an unknown god.
  2822 | D:3      | Reached skill level 5 in Unarmed Combat
  2836 | D:3      | Reached *** piety under Trog
  3130 | D:4      | Reached XP level 6. HP: 58/61 MP: 5/5
  3897 | D:5      | Entered Level 5 of the Dungeon
  3991 | D:5      | Reached skill level 6 in Unarmed Combat
  3991 | D:5      | Reached XP level 7. HP: 29/67 MP: 6/6
  4009 | D:5      | Reached skill level 1 in Throwing
  4425 | D:5      | Found a staircase to the Ecumenical Temple.
  4441 | Temple   | Entered the Ecumenical Temple
  4825 | D:5      | Reached **** piety under Trog
  4826 | D:5      | Reached XP level 8. HP: 77/78 MP: 7/7
  4844 | D:5      | Reached skill level 7 in Unarmed Combat
  4977 | D:6      | Identified the +7 hand axe "Vastili" {vorpal, Fragile
                  | +Blink rC+ Str+3}
  5058 | D:6      | Engulfed by a cloud of flame

Illustrated notes

Levels and vault maps discovered:
D:1:      saegor_arrival_fortress, layout_loops_ring, minmay_tetromino_i2
D:2:      layout_basic, basic_altar, dk_noncrumbling_2
D:3:      layout_basic, ebering_ecumenical_altar_rust
D:4:      layout_loops_corners
D:5:      minmay_angry_zag, layout_loops_ring, temple_statues, minmay_holes
D:6:      layout_gridville, chequers_ossuary_entry_cave
Temple:   chequers_temple_sunken

Skill      XL: |  1  2  3  4  5  6  7  8 |
---------------+-------------------------+-----
Dodging        | 3 4 |  4.6
Fighting       | 3 |  3.9
Unarmed Combat | 4 5 6 7 |  7.4
Throwing       | 2 3 |  3.5
Stealth        | |  0.8

Action                   |  1- 3 |  4- 6 |  7- 9 || total
-------------------------+-------+-------+-------++-------
Melee: Unarmed           |    80 |   189 |    65 ||   334
       Punch             |     1 |     2 |     2 ||     5
       Hand axe          |       |       |    24 ||    24
Throw: Boomerang         |       |    14 |    54 ||    68
Invok: Trog's Hand       |       |     1 |       ||     1
  Use: Scroll            |       |     1 |     1 ||     2
 Stab: Sleeping          |       |     1 |       ||     1
Armor: Animal skin       |    34 |    63 |    28 ||   125
Dodge: Dodged            |    38 |    79 |    43 ||   160

Table legend: (Time is in decaauts)
 A = Elapsed time spent in this place.
 B = Non-inter-level travel time spent in this place.
 C = Inter-level travel time spent in this place.
 D = Time resting spent in this place.
 E = Time spent auto-exploring this place.
 F = Levels seen in this place.
 G = Mean time per level.
                   A        B        C        D        E       F      G
               +--------+--------+--------+--------+--------+-----+--------+
         Total |   5106 |   4798 |    308 |      0 |   3859 |   7 |  729.4 |
       Dungeon |   4844 |   4541 |    303 |      0 |   3666 |   6 |  807.3 |
        Temple |    262 |    257 |      5 |      0 |    193 |   1 |  262.0 |
               +--------+--------+--------+--------+--------+-----+--------+

Top non-repeatable levels by time:
     D:3: 1090 daAuts
     D:1: 936 daAuts
     D:4: 927 daAuts
     D:2: 924 daAuts
     D:5: 790 daAuts
  Temple: 262 daAuts
     D:6: 174 daAuts
